 Dungeon Crawl Stone Soup version 0.18.1-2-ga659475 (webtiles) character file.

60 Implojin the Insei (level 3, -2/29 HPs)
             Began as a Mummy Monk on May 9, 2016.
             Slain by a hobgoblin
             ... wielding a +0 dire flail
              (14 damage)
             ... on level 2 of the Dungeon.
             The game lasted 00:05:37 (2448 turns).

Implojin the Insei (Mummy Monk)                     Turns: 2448, Time: 00:05:37

Health: -2/29      AC:  0    Str: 14    XL:     3   Next: 80%
Magic:  3/3        EV:  8    Int:  9    God:
Gold:   61         SH:  0    Dex: 15    Spells: 0 memorised, 2 levels left

rFire  x . .     SeeInvis .       - Unarmed
rCold  + . .     Gourm    .     (no armour)
rNeg   + + +     Faith    .     (no shield)
rPois  ∞         Spirit   .     (no helmet)
rElec  .         Dismiss  .     (no cloak)
rCorr  .         Reflect  .     (no gloves)
SustAt .         Harm     .     (no boots)
MR     .....                    (no amulet)
Stlth  ++........               (no ring)
                                (no ring)

@: not resistant to hostile enchantments, unstealthy
A: no food or potions, fire vulnerability, cold resistance 1, negative energy
resistance 3, torment resistance, unbreathing
a: no special abilities


You were on level 2 of the Dungeon.
You were not hungry.

You visited 1 branch of the dungeon, and saw 2 of its levels.

You collected 61 gold pieces.

Inventory:

Scrolls
 a - 2 scrolls of enchant armour {unknown}
 b - a scroll of immolation {unknown}
 c - a scroll of recharging {unknown}
 d - 3 scrolls of identify {unknown}
Comestibles
 f - 2 meat rations


   Skills:
 - Level 3.0 Fighting
 - Level 2.4 Dodging
 - Level 1.5 Stealth
 * Level 4.5 Unarmed Combat


You had 2 spell levels left.
You didn't know any spells.

Dungeon Overview and Level Annotations

Branches:
Dungeon (2/15)

Altars:
Fedhas


Innate Abilities, Weirdness & Mutations

You do not eat or drink.
Your flesh is vulnerable to fire.
You are immune to poison.
Your flesh is cold resistant.
You are immune to negative energy.
You are immune to unholy pain and torment.
You can survive without breathing.


Message History

You closely miss the gnoll.
The gnoll is severely wounded.
The gnoll misses you.
You hit the gnoll but do no damage.
The gnoll is severely wounded.
The gnoll hits you.
You hit the gnoll.
The gnoll is almost dead.
The gnoll hits you.
You barely miss the gnoll.
The gnoll is almost dead.
The gnoll closely misses you.
You hit the gnoll.
The gnoll is almost dead.
The gnoll hits you.
* * * LOW HITPOINT WARNING * * *
You hit the gnoll but do no damage.
The gnoll is almost dead.
The gnoll hits you.
* * * LOW HITPOINT WARNING * * *
You hit the gnoll.
You kill the gnoll!
You start resting.
You barely miss the hobgoblin.
The hobgoblin shouts!
The gnoll barely misses you. The hobgoblin closely misses you.
You closely miss the hobgoblin.
The gnoll hits you from afar with a spear.
The hobgoblin misses you. The hobgoblin closely misses you.
The gnoll shouts!
The hobgoblin barely misses you. The gnoll completely misses you.
The hobgoblin hits you with a dire flail!
* * * LOW HITPOINT WARNING * * *
The hobgoblin closely misses you.
Things that are here:
a ring mail; a gnoll corpse
There is a stone staircase leading up here.
The hobgoblin hits you with a dire flail!
You die...

#...........# #.......#
###..........##.. #.########
.............##.# #.#......#
.###.........##.# ###.#.g....#
.###.........##.# #......#.#.#
...#.........##.# #g#.##.#.#.##
.#.#.........##.# #.#....#.#.g.
.#.#.........##.#####g######.####
## #.........'..@g÷##.# #.[...
#.........#####.##.# ######
########### #.g..# ######


You could see a gnoll and a hobgoblin.

Vanquished Creatures
  2 gnolls (D:2)
  An adder (D:2)
  2 dart slugs (D:1)
  A giant cockroach (D:2)
  2 goblins
  3 hobgoblins
  4 jackals (D:1)
  A kobold (D:1)
  A quokka (D:2)
  5 bats
  7 rats
29 creatures vanquished.

Notes
Turn   | Place    | Note
--------------------------------------------------------------
     0 | D:1      | Implojin the Mummy Monk began the quest for the Orb.
     0 | D:1      | Reached XP level 1. HP: 18/18 MP: 1/1
   548 | D:1      | Reached XP level 2. HP: 20/24 MP: 2/2
   946 | D:1      | Reached skill level 4 in Unarmed Combat
  1297 | D:2      | Reached XP level 3. HP: 17/29 MP: 3/3
  1441 | D:2      | Found a blossoming altar of Fedhas.
  2448 | D:2      | Slain by a hobgoblin

Skill      XL: |  1  2 |
---------------+-------+-----
Unarmed Combat | 4 |  4.5
Fighting       | |  3.0
Dodging        | |  2.4
Stealth        | |  1.5

Action                   || total
-------------------------++-------
Melee: Unarmed           ||   140
 Stab: Sleeping          ||     2
Dodge: Dodged            ||   106

Table legend:
 A = Turns spent in this place as a percentage of turns spent in the entire game.
 B = Non-inter-level travel turns spent in this place as a percentage of non-inter-level travel turns spent in the entire game.
 C = Inter-level travel turns spent in this place as a percentage of turns spent in this place.
 D = Turns resting spent in this place as a percentage of non-inter-level travel turns spent in this place.
 E = Turns spent auto-exploring this place as a percentage of non-inter-level travel turns spent in this place.
 F = Non-inter-level travel turns spent in this place divided by the number of levels of this place that you've seen.
                   A       B       C       D       E      F
               +-------+-------+-------+-------+-------+----------------------
         Total | 100.0 | 100.0 |   0.0 |   3.3 |   3.0 | 508.0
       Dungeon | 100.0 | 100.0 |   0.0 |   3.3 |   3.0 | 508.0
               +-------+-------+-------+-------+-------+----------------------

Table legend:
 A = Kills in this place as a percentage of kills in entire the game.
 B = Kills by you in this place as a percentage of kills by you in the entire game.
 C = Kills by friends in this place as a percentage of kills by friends in the entire game.
 D = Other kills in this place as a percentage of other kills in the entire game.
 E = Experience gained in this place as a percentage of experience gained in the entire game.
 F = Experience gained in this place divided by the number of levels of this place that you have seen.
                   A       B       C       D       E      F
               +-------+-------+-------+-------+-------+----------------------
         Total | 100.0 | 100.0 |  -nan |  -nan | 100.0 |  43.0
       Dungeon | 100.0 | 100.0 |  -nan |  -nan | 100.0 |  43.0
               +-------+-------+-------+-------+-------+----------------------
